[Event "German Bundesliga 2022-23"]
[Site "Germany"]
[Date "2022.11.25"]
[Round "7.6"]
[White "Babula, Vlastimil"]
[Black "Kovacevic, Aleksandar"]
[Result "0-1"]
[ECO "D38"]
[WhiteElo "2551"]
[BlackElo "2470"]
[Annotator "TA"]
[PlyCount "58"]
[EventDate "2022.10.21"]
[EventType "team-tourn"]
[EventCountry "GER"]
[SourceTitle "playchess.com"]
[Source "ChessBase"]
[SourceQuality "1"]
[TimeControl "40/6000+30:3000+30"]

1. d4 Nf6 2. c4 e6 3. Nf3 d5 4. Nc3 Bb4 5. Qa4+ Nc6 6. e3 O-O 7. Qc2 {[%emt 0:01:03] D38: Queen's Gambit Declined: Ragozin Defence (4 Nf3 Bb4).} Re8 8. Bd2 a6 9. a3 {[%emt 0:04:25] The position is equal.} Bd6 10. h3 h6 11. cxd5 exd5 12. Bd3 Be6 {[%emt 0:05:16] [#]} 13. O-O-O $146 (13. Rd1 $11 {remains equal.}) ({Predecessor:} 13. g4 Nd7 14. Rg1 Qf6 15. Be2 Qg6 16. Bd3 Qf6 17. Qd1 b5 18. h4 b4 19. g5 hxg5 20. hxg5 {1-0 (38) Gupta,A (2634)-Libiszewski,F (2547) London 2016}) 13... Bd7 ({Black should try} 13... b5 $17) 14. g4 (14. e4 $11 {was preferrable.}) 14... b5 $1 $15 15. g5 {[%emt 0:00:40] Prevents b4.} hxg5 16. Nxg5 b4 {[%emt 0:01:26][%cal Ob4a3] Strongly threatening ...bxa3!} 17. axb4 Nxb4 (17... Bxb4 18. h4 $14) 18. Qb1 Nxd3+ 19. Qxd3 Qc8 {[%emt 0:00:23] Hoping for ...Bf5.} 20. Nxd5 $1 Nxd5 (20... Bf5 $5 21. Nxf6+ gxf6 $17) 21. Qh7+ Kf8 22. e4 $1 {[%emt 0:01:11] [#]} (22. Qh8+ $2 Ke7 23. Qxg7 Qb7 24. Qxf7+ (24. Nxf7 $2 Qc6+ 25. Bc3 Rg8 $19) 24... Kd8 $19) 22... Nf4 {[%emt 0:26:32] Against Qh5} (22... Qb7 $1 $15 23. Qh5 (23. exd5 $2 Rab8 $19) (23. Qh8+ $2 Ke7 $19) 23... Be6 $1 24. exd5 (24. Nxe6+ Rxe6 25. exd5 Rb8 $11) 24... Rab8 $1 25. Nxe6+ fxe6) 23. Qh8+ $11 Ke7 24. Qxg7 Ne2+ $2 (24... Nd3+ $1 $11 25. Kc2 Qb7 26. Qxf7+ (26. Kxd3 Qb3+ 27. Bc3 Rg8 $15) (26. Bc3 Nb4+ 27. Kb1 a5 $17) 26... Kd8 27. Kxd3 Kc8) 25. Kb1 $18 Be6 {[%emt 0:09:36] [#] Threatens to win with ...Rg8.} 26. e5 $2 (26. Nxf7 $1 $18 {[%mdl 512] is the precise move to win. White threatens Bg5+ and mate.} Rg8 (26... Nc3+ 27. bxc3) 27. Bg5+ Kd7 28. Ne5+ Ke8 29. Qh6) 26... Rb8 $2 {[%emt 0:03:23][%mdl 8192] [#]} 27. exd6+ $2 ({White has to play} 27. Nxf7 $1 $18 Rg8 28. exd6+ (28. Nxd6+ $2 {perishes.} Rxg7 29. Nxc8+ Bxc8 $19) (28. Qf6+ Ke8 $19) 28... Kd7 29. Qf6) 27... cxd6 $11 {[%emt 0:00:38][%cal Oc8c2] ( -> ...Qc2+!). The board is on fire.} 28. Nxf7 $2 {[%emt 0:01:17][%mdl 8192] [#]} Qc2+ $3 {[%emt 0:01:43][%mdl 576] Decoy} 29. Kxc2 Bf5# {[%emt 0:00:05] Weighted Error Value: White=0.73/Black=0.50} 0-1

[Event "German Bundesliga 2022-23"]
[Site "Germany"]
[Date "2022.10.21"]
[Round "7.6"]
[White "Costa, Leonardo"]
[Black "Popovic, Dusan"]
[Result "1/2-1/2"]
[ECO "B92"]
[WhiteElo "2350"]
[BlackElo "2486"]
[Annotator "TA"]
[PlyCount "81"]
[EventDate "2022.10.21"]
[EventType "team-tourn"]
[EventCountry "GER"]
[SourceTitle "playchess.com"]
[Source "ChessBase"]
[SourceQuality "1"]
[TimeControl "40/6000+30:3000+30"]

1. e4 c5 2. Nf3 d6 3. d4 cxd4 4. Nxd4 Nf6 5. Nc3 a6 6. Be2 e5 7. Nb3 Be7 8. O-O O-O 9. Bf3 {[%emt 0:04:10] B92: Sicilian Najdorf: 6 Be2.} Be6 10. Re1 Nbd7 11. a4 Qb8 12. Be3 Rc8 {[%emt 0:04:18] [#]} 13. h3 $146 ({Predecessor:} 13. a5 Bd8 14. Qd2 b5 15. axb6 Bxb3 16. cxb3 Bxb6 17. Na4 Bc5 18. Nxc5 Nxc5 19. Bxc5 Rxc5 {½-½ (42) Lagno,K (2530)-Shankland,S (2674) Caleta 2017}) 13... Bd8 14. Qe2 Bb6 15. Red1 Qc7 16. a5 Bxe3 17. Qxe3 Bxb3 18. cxb3 Nc5 19. Nd5 Nxd5 20. Rxd5 b5 ({Black should try} 20... Qe7 $14) 21. Bg4 $16 Rd8 22. b4 Ne6 23. Rc1 Qb7 24. Bxe6 {[%emt 0:09:28] White is much more active.} fxe6 25. Rd3 h6 26. Rcd1 Qc6 27. Rc1 Qb7 28. Rcd1 Qc6 29. Qb6 Rac8 30. Rxd6 ({Better is} 30. Rc3 $16 Qxb6 31. axb6) 30... Rxd6 $11 {[%emt 0:00:21] The position is equal.} 31. Rxd6 $16 {[%emt 0:00:03][%mdl 4096] Endgame KQR-KQR} Qc1+ 32. Kh2 {[%emt 0:00:03] [#] Black must now prevent Rd3.} Qf4+ $1 33. g3 Qxe4 34. Rd8+ (34. Qxa6 $2 Rc1 $19) 34... Rxd8 35. Qxd8+ $11 {[%emt 0:00:02] KQ-KQ} Kh7 36. Qb6 Qd4 37. Kg2 (37. Qxa6 Qxf2+ 38. Kh1 Qe1+ 39. Kh2 (39. Kg2 Qe4+ 40. Kh2 Qc2+ 41. Kg1 Qc1+ 42. Kg2 Qd2+ 43. Kf1 Qd3+ 44. Kf2 Qd2+ 45. Kf1 Qc1+ 46. Kg2 Qc2+ 47. Kg1 Qc1+ 48. Kg2 $17) 39... Qxb4 40. Qxe6 Qxb2+ 41. Kg1 Qc2 $17) 37... Qd5+ 38. Kg1 Qd1+ 39. Kh2 Qd4 40. b3 ({But not} 40. Qxa6 Qxf2+ 41. Kh1 Qe1+ 42. Kh2 (42. Kg2 Qe4+ 43. Kh2 Qe2+ 44. Kg1 Qe3+ 45. Kh2 Qe2+ 46. Kh1 Qe1+ 47. Kh2 Qf2+ 48. Kh1 Qe1+ $17) 42... Qf2+ 43. Kh1 Qe1+ 44. Kg2 Qxb4 45. Qxe6 Qxb2+ 46. Kg1 Qd4+ 47. Kg2 Qe4+ 48. Kf2 Qc2+ 49. Kf3 Qd3+ 50. Kf2 b4 $17) 40... Qd2 41. Kg1 {[%emt 0:05:34] Weighted Error Value: White=0.12 (very precise) /Black=0.07 (flawless)} 1/2-1/2

[Event "German Bundesliga 2022-23"]
[Site "Germany"]
[Date "2022.11.25"]
[Round "7.7"]
[White "Palac, Mladen"]
[Black "Pruijssers, Roeland"]
[Result "1/2-1/2"]
[ECO "B04"]
[WhiteElo "2509"]
[BlackElo "2547"]
[Annotator "TA"]
[PlyCount "41"]
[EventDate "2022.10.21"]
[EventType "team-tourn"]
[EventCountry "GER"]
[SourceTitle "playchess.com"]
[Source "ChessBase"]
[SourceQuality "1"]
[TimeControl "40/6000+30:3000+30"]

1. e4 Nf6 2. e5 Nd5 3. d4 d6 4. Nf3 dxe5 5. Nxe5 g6 6. Bc4 c6 7. O-O Bg7 8. Re1 O-O {[%emt 0:01:06] 8...Nd7 is not played anymore.} 9. Bb3 Nd7 {[%emt 0:00:43] is the legacy move (9...Be6). B04: Alekhine's Defence: 4 Nf3.} 10. Nf3 b5 11. Bxd5 (11. a4 $5 ) 11... cxd5 {[%emt 0:00:00] White is slightly better.} 12. Nc3 a6 13. Nxd5 e6 {[%emt 0:00:00] [#]} 14. Nb4 $146 ({Predecessor:} 14. Nc3 Bb7 15. Ne4 Qc7 16. Bg5 Rac8 17. c3 f5 18. Ned2 Rfe8 19. Bh4 h6 20. h3 {1-0 (40) Kosten,A (2515)-Pytel,K (2410) Aix les Bains 1991}) 14... Bb7 15. Be3 e5 16. Nxe5 Nxe5 17. dxe5 Bxe5 18. Qxd8 Rfxd8 19. Nd3 Bg7 20. Nc5 {[%emt 0:05:35] Inhibits Be4.} Bc6 {[%emt 0:11:23] This pair of bishops is nice.} 21. c3 {[%emt 0:03:56] Weighted Error Value: White=0.09 (flawless) /Black=0.07 (flawless)} 1/2-1/2

[Event "German Bundesliga 2022-23"]
[Site "Germany"]
[Date "2022.10.21"]
[Round "7.7"]
[White "Dudin, Gleb"]
[Black "Yankelevich, Lev"]
[Result "0-1"]
[ECO "A21"]
[WhiteElo "2471"]
[BlackElo "2484"]
[Annotator "TA"]
[PlyCount "106"]
[EventDate "2022.10.21"]
[EventType "team-tourn"]
[EventCountry "GER"]
[SourceTitle "playchess.com"]
[Source "ChessBase"]
[SourceQuality "1"]
[TimeControl "40/6000+30:3000+30"]

1. c4 e5 2. Nc3 Bb4 3. Nd5 Be7 4. Nf3 d6 5. d4 e4 6. Nd2 {[%emt 0:00:08] A21: English Opening: 1...e5 2 Nc3.} f5 7. Nb1 Nf6 8. Nxe7 {[%emt 0:06:25] The position is equal.} Qxe7 9. Nc3 c6 10. e3 O-O {[%emt 0:04:26] [#]} 11. Be2 $146 ({Predecessor:} 11. d5 c5 12. b3 Nbd7 13. Bb2 Ne5 14. Qd2 Bd7 15. Be2 Be8 16. f4 exf3 17. gxf3 {½-½ (39) Yu,J (2209)-Wang,W (2111) Philadelphia 2017}) 11... Be6 12. O-O Qf7 13. b3 d5 14. Ba3 Re8 15. Rc1 Nbd7 16. Na4 Rad8 17. Qd2 (17. Bd6 $14) 17... Nf8 (17... dxc4 {with more complications.} 18. bxc4 Ne5 19. Nc5 Bc8) 18. Bc5 (18. Bxf8 $11 Rxf8 19. Nc5) 18... Ng6 $15 19. Bxa7 dxc4 (19... b5 20. cxb5 Qxa7 21. Rxc6 $11) 20. Bb6 (20. Bxc4 $2 Bxc4 21. Rxc4 b5 22. Rxc6 bxa4 $19) 20... Ra8 21. Ba5 $2 (21. Bxc4 Bxc4 22. Rxc4 Nd5) (21. Nc3 $17) 21... cxb3 22. Nb6 Rab8 (22... bxa2 23. Nxa8 Rxa8 24. g3) (22... b2 23. Rb1 $15) ({Black should play} 22... f4 $19 {Threatens to win with ...f3.} 23. Nxa8 Rxa8 24. exf4 (24. axb3 f3 $17) 24... bxa2) 23. Nc4 (23. axb3 $11 Bxb3 24. Rb1) 23... Bxc4 (23... bxa2 $17 24. Nd6 Qe7 25. Nxe8 Qxe8) 24. Bxc4 $11 Nd5 25. Bxb3 Nh4 {[%emt 0:02:00] Pair of Knights!} 26. Bc7 Qxc7 27. Bxd5+ Kh8 28. Bb3 Qe7 {[%emt 0:01:29] White must now prevent ...Qg5.} (28... Qd6 {keeps more tension.} 29. Kh1 Rbd8 30. Qa5 Qg6) 29. Kh1 Rbd8 30. Qa5 {[%emt 0:01:12] Against c5} Rd6 31. Rc5 Qg5 (31... Rh6 $11 32. Rg1 Rf8) 32. Rg1 $1 $16 Rh6 (32... Rd7 $16) 33. Qc7 $18 Rf8 (33... Qf6 $142 34. Qxb7 Qd6) 34. Qxb7 Qh5 (34... Qf6 {keeps fighting.} 35. Qc7 f4) 35. Qe7 (35. Rxc6 $142 Rxc6 36. Qxc6) 35... Ng6 36. Qc7 {[%emt 0:00:13] And now g4 would win.} Qe2 37. Rc2 (37. Qxc6 $2 Rxh2+ $3 38. Kxh2 Qh5+ 39. Kg3 Qh4#) (37. Rxc6 Qxf2 38. Be6 Qxe3 $11) 37... Qh5 (37... Qg4 {was necessary.} 38. Qg3 (38. Rxc6 f4 $14) 38... Qxg3 39. fxg3 Ne7) 38. Rc5 (38. h3 $6 Qh4 39. a4 (39. Rxc6 Qxf2 40. Rc3 f4 $11) (39. Qxc6 Nf4 $15) 39... f4 40. Qxc6 f3 $18) 38... Qe2 $1 39. Qg3 (39. Qxc6 $2 {[#] leads to mate.} Rxh2+ $3 40. Kxh2 Qh5+ 41. Kg3 Qh4#) ({Inferior is} 39. Rxc6 Qxf2 40. Rgc1 f4 $11) ({Don't do} 39. Rc2 $6 Qg4 40. Qg3 (40. Rxc6 f4 $14) 40... Qxg3 41. fxg3 Ne7) (39. Bc4 $18 Qg4 40. Qg3 (40. Rxc6 f4 $14)) 39... f4 $11 40. exf4 Nxf4 {[%emt 0:00:19] Strongly threatening ...Nd3.} 41. h3 {[%emt 0:17:35] Threatening Re5.} Qd3 (41... Qb2 $5 ) 42. Kh2 (42. Qxd3 $142 exd3 43. Bc4) 42... Qxd4 43. Rc4 Qe5 44. Kh1 (44. Re1 $11 {keeps the balance.} Rg6 45. Rexe4 Rxg3 46. fxg3) 44... Qf5 $36 {[%emt 0:01:14][%cal Rf4h3][%mdl 2048] ( -> ...Nxh3!). Black is really pushing.} 45. Kh2 Ne2 $1 46. Qe3 Nxg1 {[%emt 0:09:23] Black is more active.} (46... Qxf2 $2 47. Qxf2 Rxf2 48. Rxe4 $18) 47. Kxg1 Rhf6 48. Bc2 $2 (48. Rc2 $17 {is more resistant.}) 48... Qxf2+ $19 {[%emt 0:00:53] Black is clearly winning.} 49. Qxf2 Rxf2 50. Bxe4 R2f4 51. g3 Rf1+ 52. Kh2 R8f2+ 53. Bg2 Rd1 {[%emt 0:02:10] A wild game.  Weighted Error Value: White=0.58/Black=0.24 (precise)} 0-1

[Event "German Bundesliga 2022-23"]
[Site "Germany"]
[Date "2022.10.21"]
[Round "7.8"]
[White "Berchtenbreiter, Maximilian"]
[Black "Kuznecovs, Nikita"]
[Result "1/2-1/2"]
[ECO "A46"]
[WhiteElo "2509"]
[BlackElo "2301"]
[Annotator "TA"]
[PlyCount "204"]
[EventDate "2022.10.21"]
[EventType "team-tourn"]
[EventCountry "GER"]
[SourceTitle "playchess.com"]
[Source "ChessBase"]
[SourceQuality "1"]
[TimeControl "40/6000+30:3000+30"]

1. Nf3 Nf6 2. g3 b5 3. Bg2 Bb7 4. O-O e6 5. d4 c5 6. c3 Be7 7. a4 b4 8. Nbd2 O-O 9. a5 Na6 10. cxb4 Nxb4 11. dxc5 Bxc5 12. Nb3 Be7 13. Be3 Nbd5 14. Bd4 d6 15. a6 Bc8 16. Na5 e5 17. Nxe5 dxe5 18. Bxe5 Be6 19. Nc6 Qe8 20. Nxe7+ Qxe7 21. Bxf6 Nxf6 22. Bxa8 Rxa8 23. Qd3 Bg4 24. Rfe1 Rd8 25. Qc4 Re8 26. Rac1 (26. b4 $5 ) 26... Bh3 (26... Qd6 $11) 27. Rc3 (27. Qc5 $14) 27... Qd6 $11 28. b4 Re4 29. Qc5 (29. Qc6 $11 Qxb4 30. Rcc1) 29... Qxa6 $17 30. b5 Qa5 31. f3 Re8 32. Rcc1 h5 (32... Nd7 $17 33. Qd4 h6) 33. Ra1 $15 Qd2 34. Kf2 $2 ({But not} 34. Qxa7 $2 Rxe2 35. Rxe2 Qxe2 $19) (34. Rad1 $15 Qa5 35. Ra1) 34... Nd7 $19 35. Qxa7 $2 (35. Qc1 Qd6 36. Ra6 Qd4+ 37. e3) 35... Ne5 $1 $19 36. Ra3 Kh7 $2 (36... Bf5 $1 $19 {is more deadly. Strongly threatening ...Nd3+.} 37. Qe3 Ng4+ $1 38. fxg4 Rxe3 39. Rxe3 hxg4) 37. Qc5 $17 Qb2 ({Black should try} 37... Bf5 $1 $17 {Threatens to win with ...Nd3+.} 38. Kf1 g6) 38. Re3 $1 $11 f6 39. Qd5 Kh8 40. Rd1 Kh7 $2 (40... Be6 $11 {and Black is okay.} 41. Qc5 Rc8) 41. Qb3 $18 Qxb3 42. Rxb3 Be6 43. Rb4 Kg6 44. b6 Rb8 45. e4 $2 (45. b7 $18) 45... Nxf3 $1 $11 46. Rd6 Ne5 $1 47. b7 Bd7 48. Rd5 {[%emt 0:09:20] [#]} (48. Rbb6 $1 $11 {was the only way to keep the balance.}) 48... Kf7 ({Reject} 48... Bc6 $6 {[#]} 49. Rxe5 $1 fxe5 50. Rb6 Rxb7 51. Rxc6+ Kf7 52. Rc5 $11) ({Better is} 48... Ng4+ $1 $17 49. Kf3 Bc6) 49. Rb6 $11 Ke7 50. Kg1 Bh3 51. Kf2 Bg4 52. h4 Bd7 53. Kg1 $1 Bh3 54. Kf2 Bg4 55. Kg1 $1 Nd7 56. Rb4 Kd8 57. Rd2 Be6 58. Rd6 Bg4 59. Rd2 Ke8 60. Rc2 Ne5 61. Rb6 Bd7 62. Rc5 Kd8 63. Rc3 Ba4 64. Ra6 Bc6 $1 65. Raxc6 Nxc6 66. Rxc6 Rxb7 67. Kf2 Kd7 68. Rc5 g6 69. Kf3 Rb3+ 70. Kf4 Rb1 71. Ra5 Rf1+ 72. Ke3 Re1+ 73. Kf4 $1 Ke6 74. Ra7 g5+ 75. hxg5 Rf1+ 76. Ke3 fxg5 77. Rh7 Rh1 78. Kf3 Kf6 79. Rh6+ Kg7 80. Rd6 Rf1+ 81. Kg2 Rf6 82. Rd5 Kg6 83. Rd8 g4 84. Rg8+ Kh7 85. Rb8 Re6 86. Rb4 Kg6 87. Kf2 Rf6+ 88. Kg2 Rc6 89. Rb5 Rc2+ 90. Kf1 Rc3 91. Rb6+ Kg7 92. Kg2 Rc2+ 93. Kf1 Rc5 94. Kf2 Kf7 95. Ra6 Rc2+ 96. Kf1 Rc4 97. Rh6 Rc5 98. Rd6 Re5 (98... Ke7 $5 99. Rb6 Rc3 $11) 99. Rd4 Kf6 100. Kf2 Ra5 101. Ke3 Ra3+ 102. Rd3 Ra1 1/2-1/2

[Event "German Bundesliga 2022-23"]
[Site "Germany"]
[Date "2022.11.25"]
[Round "7.8"]
[White "Reuker, Jari"]
[Black "Zelcic, Robert"]
[Result "0-1"]
[ECO "B10"]
[WhiteElo "2432"]
[BlackElo "2496"]
[Annotator "TA"]
[PlyCount "110"]
[EventDate "2022.10.21"]
[EventType "team-tourn"]
[EventCountry "GER"]
[SourceTitle "playchess.com"]
[Source "ChessBase"]
[SourceQuality "1"]
[TimeControl "40/6000+30:3000+30"]

1. e4 c6 2. Nf3 d5 3. d3 dxe4 4. dxe4 Qxd1+ 5. Kxd1 Nf6 6. Nbd2 {[%emt 0:00:09] B10: Caro-Kann: 2 d3 and 2 c4.} g6 7. Ne5 Bh6 8. Bc4 {[%emt 0:00:30] The position is equal.} O-O {[%emt 0:00:18] [#]} 9. Re1 $146 ({Predecessor:} 9. f3 Nbd7 10. Nd3 Rd8 11. Bb3 b5 12. a4 Bb7 13. e5 Nd5 14. Bxd5 cxd5 15. axb5 {½-½ (34) Fantinel,T (2376)-Pi Pares,A (2222) Barcelona 2022}) 9... b5 {[%emt 0:01:09] Prevents a4.} 10. Bd3 Nfd7 11. Nxd7 Nxd7 12. Nb3 Bg7 13. c3 a6 14. Be3 f5 15. f4 fxe4 16. Bxe4 Nf6 17. Bxc6 Bg4+ 18. Kc1 Rac8 19. Bb7 Rc7 20. Bxa6 {[%emt 0:05:07][%cal Oe3d4] Strongly threatening Bd4!} Nd5 {[%emt 0:03:06][%cal Od5c3] And now ...Nxc3! would win.} 21. Bxb5 {[%emt 0:08:26] [#]} (21. Bd4 $11) 21... Nxc3 $1 $17 {[%emt 0:00:45][%mdl 64] Demolition. Black is much more active.} 22. bxc3 Bxc3 23. Bb6 Rcc8 24. Rxe7 Bxa1+ 25. Kd2 Bc3+ 26. Ke3 Bf6 {[%emt 0:00:09] Inhibits a4.} 27. Rc7 Rxc7 28. Bxc7 Rc8 {[%emt 0:00:13] Against a4} 29. Be5 Bxe5 30. fxe5 {[%emt 0:00:02][%mdl 4096] Endgame KRB-KBN} Be6 31. Nd4 Bxa2 32. e6 (32. Bc6 $17 {keeps fighting.}) 32... Kf8 $19 33. Bd7 (33. h4 {was called for.}) 33... Rc1 34. Kf4 Rc5 35. h4 Bd5 36. g4 Ke7 37. h5 $2 (37. Ke3) 37... Bb7 (37... g5+ $142 38. Ke3 Kf6) 38. hxg6 hxg6 39. g5 $2 (39. Ne2) 39... Rc4 40. Ke5 Rc1 41. Kf4 Rc5 42. Nb5 Rc4+ 43. Ke3 Rg4 44. Nd4 Rxg5 45. Kf4 Rc5 46. Ne2 Rf5+ 47. Kg3 Re5 (47... Rf3+ $142 48. Kg4 Re3) 48. Nf4 Kf6 49. Kg4 Re4 50. Kg3 Re3+ 51. Kh2 Bf3 (51... Be4 $142 52. Bc8 Ke7) 52. Kg3 g5 {[%emt 0:00:32] ( -> ...Bd5+)} 53. Nh3 Bd5+ (53... Be4+ $142 54. Kh2 g4 55. Ng1 Rb3 56. Ne2 Rb2 57. Bb5 Bf3 58. Kg3 Bxe2 59. Bd7 Rb3+ 60. Kf2 Bc4 61. Ke1 g3 62. Ba4 g2 63. Kf2 Rb2+ 64. Bc2 Bd5 65. Kg1 Rxc2 66. e7 Rc1+ 67. Kf2 g1=Q+ 68. Ke2 Qg2+ 69. Ke3 Rc3+ 70. Kf4 Qg5#) 54. Kf2 Rxh3 55. e7 Rf3+ {[%emt 0:00:03] Weighted Error Value: White=1.14/Black=0.60} 0-1